 Dungeon Sprint DCSS version 0.29-a0-512-gf59ac788ac (webtiles) character file.

Game seed: 13976630013228098088

11428 mhtbhm the Brawler (level 11, 0/90 (104) HPs)
             Began as a Troll Transmuter on May 30, 2022.
             Was an Initiate of Gozag.
             Slain by a golden dragon (20 damage)
             ... in the Dungeon (Sprint I: "Red Sonja").
             The game lasted 00:12:10 (2768 turns).

mhtbhm the Brawler (Troll Transmuter)               Turns: 2768, Time: 00:12:11

HP:   0/90 (104)    AC: 15    Str: 20    XL:     11   Next: 49%
MP:   17/22         EV: 17    Int: 13    God:    Gozag
Gold: 1564          SH:  0    Dex: 17    Spells: 4/26 levels left

rFire   + + .      SeeInvis .     - Unarmed
rCold   + . .      Faith    .   (no shield)
rNeg    . . .      Spirit   .   a - +7 troll leather armour of the Candlemaker {Fly rC+ Regen+ Stlth-}
rPois   +          Reflect  .   x - +1 hat {Stlth+}
rElec   +          Harm     .   k - +0 cloak
rCorr   +          Rampage  .   (gloves unavailable)
Will    .....      NoTele   +   (boots unavailable)
Stlth   ++........              r - amulet of regeneration
HPRegen 2.65/turn               t - ring "Foseq" {EV+4 Dex+7}
MPRegen 0.18/turn               v - ring of fire

@: mighty, brilliant, resistant, flying, hasted, heavily drained, very quick
A: large, unfitting armour, claws 3, regeneration 1, shaggy fur 1, tough skin 1
a: Renounce Religion, Potion Petition, Call Merchant, Bribe Branch


You were in the Dungeon.
You worshipped Gozag.
Gozag was most pleased with you.
You visited 1 branch You collected 7085 gold pieces.
You spent 4821 gold pieces at shops.
You paid 700 gold pieces to Gozag.

Inventory:

Missiles
 m - 4 poisoned darts (quivered)
Armour
 a - the +7 troll leather armour of the Candlemaker (worn) {Fly rC+ Regen+ Stlth-}
   (You found it in the Dungeon)

   rC:        It protects you from cold.
   Fly:       It grants you flight.
   Regen:     It increases your rate of health regeneration.
   Stlth:     It makes you less stealthy.
 k - a +0 cloak (worn)
 x - a +1 hat of stealth (worn)
Jewellery
 r - an amulet of regeneration (around neck)
 t - the ring "Foseq" (left claw) {EV+4 Dex+7}
   (You bought it in a shop in the Dungeon)

   [ring of evasion]

   EV:        It affects your evasion (+4).
   Dex:       It affects your dexterity (+7).
 u - the ring "Linniypn" {rCorr Int+6 Slay+2 Stlth+}
   (You bought it in a shop in the Dungeon)

   [ring of intelligence]

   Int:       It affects your intelligence (+6).
   Slay:      It affects your accuracy & damage with ranged weapons and melee
   (+2).
   rCorr:     It protects you from acid and corrosion.
   Stlth:     It makes you more stealthy.
 v - a ring of fire (right claw)
Wands
 g - a wand of polymorph (8)
 i - a wand of mindburst (17)
Scrolls
 h - 2 scrolls of blinking
 j - a scroll of poison
 n - a scroll of enchant armour
 p - 2 scrolls of summoning
 q - a scroll of identify
 s - a scroll of fear
Potions
 b - 2 potions of lignification
 c - 4 potions of curing
 d - a potion of heal wounds
 e - a potion of haste
 f - 2 potions of magic
 l - 2 potions of resistance
 o - 3 potions of mutation
 w - a potion of berserk rage


   Skills:
 + Level 5.6 Fighting
 + Level 3.2 Armour
 + Level 7.8 Dodging
 + Level 2.2 Stealth
 + Level 18.7 Unarmed Combat
 + Level 8.4 Spellcasting
 + Level 9.7 Transmutations
 + Level 3.6 Ice Magic
 + Level 1.7 Evocations


You had 4 spell levels left.
You knew the following spells:

 Your Spells              Type           Power      Damage    Failure   Level
a - Beastly Appendage     Tmut           92%        N/A       1%          1
b - Wereblood             Tmut           46%        N/A       1%          2
c - Spider Form           Tmut/Pois      27%        N/A       6%          3
d - Ice Form              Ice/Tmut       34%        N/A       10%         4
e - Blade Hands           Tmut           23%        N/A       8%          5
f - Dragon Form           Tmut           23%        N/A       93%         7

Your spell library contained the following spells:

 Spells                   Type           Power      Damage    Failure   Level
 Animate Armour           Summ/Erth      16%        N/A       83%         4
 Irradiate                Conj/Tmut      13%        3d17      50%         5
 Iron Shot                Conj/Erth      4%         9d2       100%        6


Dungeon Overview and Level Annotations

Branches:
Dungeon (1/1)

Altars:
Cheibriados
Dithmenos
Elyvilon
Fedhas
Gozag
Hepliaklqana
Kikubaaqudgha
Makhleb
Nemelex Xobeh
Okawaru
Qazlal
Ru
Sif Muna
Trog
Uskayaw
Vehumet
Wu Jian
Xom
Yredelemnul
Zin
The Shining One
Jiyva
Lugonu

Shops:
D ((:*[?=[?!?[([?[*


Innate Abilities, Weirdness & Mutations

You are too large for most types of armour.
You have claws for hands.
Your natural rate of healing is unusually fast.
You are covered in fur. (AC +1)
You have tough skin. (AC +1)


Message History

The shadow dragon bites you!
You feel drained. The shadow dragon claws you.
The shadow dragon closely misses you.
You slash the shadow dragon!
The shadow dragon is severely wounded.
The golden dragon breathes fire at you. The bolt of fire misses you.
The shadow dragon breathes negative energy at you.
The bolt of negative energy hits you!
You feel drained.
Unknown command.
Unknown command.
You feel much better. The golden dragon bites you! The golden dragon claws you.
The golden dragon tramples you.
You are shoved backwards!
Unknown command.
Unknown command. [a] - 700 gold - resistance, might, haste and brilliance [b] - 460 gold - haste and resistance [c] - 391 gold - lignification, might and resistance Purchase which effect?
You feel protected.
You feel very mighty all of a sudden.
You feel yourself speed up.
You feel clever all of a sudden.
Your claws revert to their normal proportions.
The golden dragon misses you. The golden dragon barely misses you.
The golden dragon tramples you!
You hold your ground!
The shadow dragon bites you.
* * * LOW HITPOINT WARNING * * *
You feel drained.
* * * LOW HITPOINT WARNING * * *
The shadow dragon claws you but does no damage. x2
Unknown command.
Unknown command.
You claw the shadow dragon!
The shadow dragon is severely wounded.
You mangle the shadow dragon!!
The shadow dragon is almost dead.
The shadow dragon misses you. The shadow dragon claws you.
* * * LOW HITPOINT WARNING * * *
The shadow dragon misses you. The golden dragon bites you!!
You die...
Your body crumbles into a pile of gold.

..§§..'..#..'....#,,,$$$$$$*
§§§§.##..'.§#§..§##,,$$$$$$*
#§§§#######+#§.§..#****$$$$*
###'#[..##,,#§.§§§#$$$*$$$$*
#y#.##...#,,##.§§§#$∩,*$$$$*
###..###.#,,≈###+##$$$*$$$$*
..##.#A#.#,,≈,,#§####+#$$$$*
..#..###.#,,≈,##§#.§§.##$$$*
'##.##...#,,≈##§@.§.§..##$$*
###..#+###,,≈#..DD§§§§§.#$$*
.###...#,≈,,*#..§.§§....#*$*
.#.###.#,≈,,#.§§§..=.....*$*
.○...#.#**,,#....§§......*$*
.○○..#.#,+,,##.....§....#*$*
..####+#,**+*#$$$$$$$$$$#$$*
###,,,,*,*≈≈≈##$$$$$$$$##$$*
#,,,****,*≈≈≈≈##$($$!?##$$$*


You could see a shadow dragon and a golden dragon (catching breath).

Vanquished Creatures
  A lorocyproca (D)
  A hydra (D)
  2 centaur warriors (D)
  A deep troll (D)
  A lindwurm (D)
  An oklob plant (D)
  A gargoyle (D)
  4 demonic crawlers (D)
  7 unseen horrors (D)
  2 kobold demonologists (D)
  A slime creature (D)
  A hornet (D)
  Sigmund (D)
  13 hogs (D)
  A yak (D)
  2 redbacks (D)
  A warg (D)
  3 floating eyes (D)
  A boggart (D)
  7 necrophages (D)
  8 jellies (D)
  Ijyb (D)
61 creatures vanquished.

Vanquished Creatures (others)
  2 ballistomycete spores (D)
2 creatures vanquished.

Grand Total: 63 creatures vanquished

Notes
Turn   | Place    | Note
-------+----------+-------------------------------------------
     0 | D        | mhtbhm the Troll Transmuter began the quest for the Orb.
     0 | D        | Reached XP level 1. HP: 18/18 MP: 1/1
   118 | D        | Noticed Ijyb
   123 | D        | Killed Ijyb
   124 | D        | Reached skill level 5 in Unarmed Combat
   124 | D        | Reached XP level 2. HP: 26/26 MP: 0/3
   166 | D        | Learned a level 2 spell: Wereblood
   193 | D        | Noticed an ogre
   194 | D        | Noticed a boggart
   194 | D        | an ogre changed into a boggart
   199 | D        | Killed a boggart
   200 | D        | Reached skill level 1 in Fighting
   200 | D        | Reached skill level 7 in Unarmed Combat
   200 | D        | Reached XP level 3. HP: 32/33 MP: 0/6
   200 | D        | Reached XP level 4. HP: 40/41 MP: 0/7
   203 | D        | Noticed Sigmund
   209 | D        | Killed Sigmund
   210 | D        | Reached skill level 9 in Unarmed Combat
   210 | D        | Reached XP level 5. HP: 41/48 MP: 1/9
   210 | D        | Reached XP level 6. HP: 47/55 MP: 1/10
   476 | D        | Learned a level 3 spell: Spider Form
   481 | D        | Learned a level 4 spell: Ice Form
   483 | D        | Found an ornate altar of the Wu Jian Council.
   483 | D        | Found a shimmering blue altar of Sif Muna.
   485 | D        | Found a radiant altar of Vehumet.
   492 | D        | Found Nohegu's Antique Weapon Emporium.
   492 | D        | Found an ancient bone altar of Kikubaaqudgha.
   492 | D        | Found a hazy altar of Hepliaklqana.
   492 | D        | Found a stormy altar of Qazlal.
   492 | D        | Found a hide-covered altar of Uskayaw.
   492 | D        | Found a blossoming altar of Fedhas.
   492 | D        | Found a bloodstained altar of Trog.
   492 | D        | Found an iron altar of Okawaru.
   492 | D        | Found a basalt altar of Yredelemnul.
   492 | D        | Found a glowing golden altar of the Shining One.
   492 | D        | Found a snail-covered altar of Cheibriados.
   492 | D        | Found a sacrificial altar of Ru.
   492 | D        | Found a glowing silver altar of Zin.
   492 | D        | Found a shadowy altar of Dithmenos.
   492 | D        | Found a white marble altar of Elyvilon.
   492 | D        | Noticed a yak
   493 | D        | Found an opulent altar of Gozag.
   496 | D        | Killed a yak
   497 | D        | Reached skill level 10 in Unarmed Combat
   497 | D        | Found a sparkling altar of Nemelex Xobeh.
   536 | D        | Became a worshipper of Gozag Ym Sagoz the Greedy
   598 | D        | Found a burning altar of Makhleb.
   598 | D        | Found a viscous altar of Jiyva.
   598 | D        | Found a shimmering altar of Xom.
   598 | D        | Found a corrupted altar of Lugonu.
   598 | D        | Noticed a slime creature
   603 | D        | Killed a slime creature
   604 | D        | Reached skill level 11 in Unarmed Combat
   604 | D        | Reached skill level 5 in Transmutations
   604 | D        | Reached XP level 7. HP: 40/63 MP: 5/13
   613 | D        | Noticed a kobold demonologist
   613 | D        | Noticed a kobold demonologist
   616 | D        | Reached skill level 12 in Unarmed Combat
   618 | D        | Noticed a rust devil
   618 | D        | Killed a kobold demonologist
   619 | D        | Reached skill level 5 in Spellcasting
   624 | D        | Killed a kobold demonologist
   625 | D        | Reached skill level 13 in Unarmed Combat
   625 | D        | Reached XP level 8. HP: 51/72 MP: 8/15
   693 | D        | Noticed Sonja
   695 | D        | Noticed Sonja
   695 | D        | Sonja changed into Sonja the warg
   701 | D        | Killed Sonja the warg
   710 | D        | Noticed a deep troll
   717 | D        | Killed a deep troll
   718 | D        | Reached skill level 5 in Dodging
   718 | D        | Reached skill level 14 in Unarmed Combat
   731 | D        | Found Paol's Armour Emporium.
   828 | D        | Found Ruamp's Weapon Boutique.
   885 | D        | Noticed a centaur warrior
   886 | D        | Noticed a centaur warrior
   897 | D        | Killed a centaur warrior
   898 | D        | Reached skill level 1 in Ice Magic
   898 | D        | Reached skill level 1 in Evocations
   898 | D        | Reached XP level 9. HP: 36/81 MP: 11/17
   901 | D        | Killed a centaur warrior
   902 | D        | Reached skill level 15 in Unarmed Combat
   996 | D        | Noticed an oklob plant
  1003 | D        | Killed an oklob plant
  1068 | D        | Reached XP level 10. HP: 92/92 MP: 14/19
  1089 | D        | Reached skill level 16 in Unarmed Combat
  1181 | D        | Identified the +7 troll leather armour of the Candlemaker
                  | {Fly rC+ Regen+ Stlth-}
  1238 | D        | Found Zelint's Assorted Antiques.
  1238 | D        | Found Piucuebbe's Book Shop.
  1238 | D        | Found Nuzuuf's Antique Armour Boutique.
  1240 | D        | Found Erougosi's Magic Scroll Emporium.
  1240 | D        | Found Abemiukk's Jewellery Shop.
  1240 | D        | Found Gotawnyo's Antique Armour Shoppe.
  1240 | D        | Found Tuobun's Magic Scroll Boutique.
  1240 | D        | Found Jojyff's Distillery.
  1240 | D        | Found Maadeykiadgh's Magic Scroll Shop.
  1240 | D        | Found Ywnaxt's Antique Armour Shoppe.
  1242 | D        | Bought a book of Iron for 468 gold pieces
  1242 | D        | Bought a book of Transfigurations for 520 gold pieces
  1248 | D        | Learned a level 5 spell: Blade Hands
  1256 | D        | Learned a level 7 spell: Dragon Form
  1259 | D        | Bought a potion of heal wounds for 115 gold pieces
  1260 | D        | Found Noclalu's Antique Weapon Boutique.
  1261 | D        | Bought a scroll of blinking for 90 gold pieces
  1261 | D        | Bought a scroll of magic mapping for 42 gold pieces
  1261 | D        | Found Uzatyem's Magic Scroll Emporium.
  1261 | D        | Found Umim Lig's Armour Boutique.
  1262 | D        | Found Vamei's Assorted Antiques.
  1273 | D        | Bought a potion of heal wounds for 150 gold pieces
  1273 | D        | Bought a scroll of blinking for 225 gold pieces
  1273 | D        | Bought a pink potion for 27 gold pieces
  1273 | D        | Bought a viscous emerald potion for 27 gold pieces
  1341 | D        | Reached skill level 5 in Fighting
  1341 | D        | Reached skill level 1 in Stealth
  1346 | D        | Reached skill level 1 in Armour
  1346 | D        | Reached skill level 17 in Unarmed Combat
  1346 | D        | Noticed a gargoyle
  1350 | D        | Killed a gargoyle
  1432 | D        | Noticed a lindwurm
  1434 | D        | Killed a lindwurm
  1457 | D        | Reached XP level 11. HP: 104/104 MP: 15/21
  1469 | D        | Reached skill level 18 in Unarmed Combat
  1504 | D        | Noticed a 12-headed hydra
  1506 | D        | Killed a 12-headed hydra
  1726 | D        | Killed a lorocyproca
  1933 | D        | Noticed a daeva
  2589 | D        | Bought a scroll labelled URIUNU CEDIT for 23 gold pieces
  2589 | D        | Bought a scroll labelled VAB KYHUOWK for 23 gold pieces
  2589 | D        | Bought a glowing coppery potion for 20 gold pieces
  2591 | D        | Bought a scroll of identify for 24 gold pieces
  2591 | D        | Bought a scroll of identify for 24 gold pieces
  2596 | D        | Bought the ring "Foseq" {EV+4 Dex+7} for 807 gold pieces
  2596 | D        | Bought the ring "Linniypn" {rCorr Int+6 Slay+2 Stlth+} for
                  | 1152 gold pieces
  2598 | D        | Bought a ring of fire for 350 gold pieces
  2604 | D        | Bought a scroll of identify for 26 gold pieces
  2604 | D        | Bought a scroll of identify for 26 gold pieces
  2604 | D        | Bought a scroll of identify for 26 gold pieces
  2607 | D        | Bought a scroll of enchant armour for 97 gold pieces
  2608 | D        | Bought a potion of curing for 36 gold pieces
  2608 | D        | Bought a potion of berserk rage for 60 gold pieces
  2608 | D        | Bought a potion of mutation for 96 gold pieces
  2608 | D        | Bought a potion of mutation for 96 gold pieces
  2612 | D        | Bought a scroll of summoning for 95 gold pieces
  2615 | D        | Bought a +1 hat of stealth for 176 gold pieces
  2754 | D        | Noticed a shadow dragon
  2754 | D        | Noticed a golden dragon
  2768 | D        | Slain by a golden dragon

Illustrated notes

Levels and vault maps discovered:
D:        dungeon_sprint_1 [red_sonja_temple_1, red_sonja_temple_small_1]

Skill      XL: |  1  2  3  4  5  6  7  8  9 10 11 |
---------------+----------------------------------+-----
Dodging        | 2 3 4 5 6 7 |  7.8
Unarmed Combat | 5 7 9 11 13 14 15 17 18 | 18.7
Transmutations | 2 3 5 6 7 8 9 |  9.7
Fighting       | 1 2 3 4 5 |  5.6
Spellcasting   | 2 3 4 5 6 7 8 |  8.4
Ice Magic      | 1 2 3 |  3.6
Evocations     | 1 |  1.7
Stealth        | 1 2 |  2.2
Armour         | 2 3 |  3.2

Action                   |  1- 3 |  4- 6 |  7- 9 | 10-12 || total
-------------------------+-------+-------+-------+-------++-------
Melee: Unarmed           |     9 |    13 |    37 |   100 ||   159
       Kick              |     1 |     1 |       |       ||     2
       Headbutt          |       |     2 |       |       ||     2
       Punch             |       |       |       |     9 ||     9
 Cast: Beastly Appendage |     1 |     1 |       |     1 ||     3
       Wereblood         |     1 |     2 |     3 |     3 ||     9
       Ice Form          |       |     1 |     4 |     8 ||    13
       Blade Hands       |       |       |       |     5 ||     5
Invok: Potion Petition   |       |       |       |     1 ||     1
Evoke: Wand              |     1 |       |     2 |       ||     3
  Use: Potion            |     1 |       |     1 |     2 ||     4
       Scroll            |       |       |     1 |     7 ||     8
 Stab: Sleeping          |       |       |     1 |     1 ||     2
       Distracted        |       |       |       |     2 ||     2
Armor: Robe              |     1 |     2 |       |       ||     3
       Skin              |       |     1 |    21 |    12 ||    34
       Troll leather arm |       |       |       |    34 ||    34
Dodge: Dodged            |     1 |     3 |    26 |    52 ||    82

Table legend: (Time is in decaauts)
 A = Elapsed time spent in this place.
 B = Non-inter-level travel time spent in this place.
 C = Inter-level travel time spent in this place.
 D = Time resting spent in this place.
 E = Time spent auto-exploring this place.
 F = Levels seen in this place.
 G = Mean time per level.
                   A        B        C        D        E       F      G
               +--------+--------+--------+--------+--------+-----+--------+
         Total |   2728 |   2728 |      0 |   1262 |      0 |   1 | 2728.0 |
       Dungeon |   2728 |   2728 |      0 |   1262 |      0 |   1 | 2728.0 |
               +--------+--------+--------+--------+--------+-----+--------+

Top non-repeatable levels by time:
       D: 2728 daAuts
